[Event "Team 45 45 League T29"]
[Site "Free Internet Chess Server"]
[Date "2006.01.13"]
[Round "4"]
[White "reijo"]
[Black "couv"]
[Result "1-0"]
[WhiteElo "1515"]
[BlackElo "1505"]
[TimeControl "2700+45"]

1. d4 d5 2. c4 e6 3. Nc3 Nf6 4. cxd5 Nxd5 5. e4 Nf6 6. Bg5 Be7 7. Nf3 O-O 8. Bd3 b6 9. O-O Ba6 10. Re1 Bxd3 11. Qxd3 c5 12. Rad1 cxd4 13. Qxd4 Qxd4 14. Nxd4 h6 15. Bh4 g5 16. Bg3 a6 17. h3 Bb4 18. Be5 Nfd7 19. Bg3 Bxc3 20. bxc3 e5 21. Nf5 Kh7 22. f3 f6 23. Bf2 Rc8 24. Re3 b5 25. Red3 Nf8 26. Rd8 Rxd8 27. Rxd8 Nfd7 28. Ne7 Kg7 29. Nc6 Kf7 30. Nxb8 Ke7 31. Rxd7+ Ke6 32. Rd8 Ke7 33. Bb6 Ke6 34. Nc6 Rxd8 35. Nxd8+ Ke7 36. Nc6+ Kd6 37. Nb8 h5 38. Nxa6 Ke6 39. Nc7+   {Black resigns} 1-0

[Event "Team 45 45 League T29"]
[Site "Free Internet Chess Server"]
[Date "2006.01.14"]
[Round "4"]
[White "Lamtarra"]
[Black "KlassAct"]
[Result "0-1"]
[WhiteElo "1575"]
[BlackElo "1373"]
[TimeControl "2700+45"]

1. e4 e5 2. Nf3 Nc6 3. c3 Nf6 4. d3 Bc5 5. h3 d5 6. exd5 Nxd5 7. Be2 O-O 8. O-O Bf5 9. Nbd2 Qf6 10. Nc4 Rfe8 11. Bg5 Qe6 12. Kh2 h6 13. Bh4 e4 14. Ng1 exd3 15. Bxd3 Bxd3 16. Qxd3 Qe4 17. Qxe4 Rxe4 18. Rad1 Rxh4 19. Rxd5 Rxc4 20. Nf3 Rd8 21. Rfd1 Rxd5 22. Rxd5 Bd6+ 23. g3 Re4 24. Rd2 Ne5 25. Kg2 Nxf3 26. Kxf3 Re7 27. Kg2 f5 28. f4 g5 29. Kf3 Kg7 30. Rd5 Kf6 31. fxg5+ hxg5 32. g4 f4 33. Rf5+ Kg6 34. Rd5 Re3+ 35. Kg2 Re2+ 36. Kf3 Rxb2 37. Ra5 a6 38. c4 Rc2 39. Ra4 Rc3+ 40. Kg2 Bc5   {White resigns} 0-1

[Event "Team 45 45 League T29"]
[Site "Free Internet Chess Server"]
[Date "2006.01.12"]
[Round "4"]
[White "DreadPirateJosh"]
[Black "Galleta"]
[Result "1-0"]
[WhiteElo "1691"]
[BlackElo "1601"]
[TimeControl "2700+45"]

1. e4 d6 2. d4 Nf6 3. Nc3 g6 4. f4 Bg4 5. Be2 Bxe2 6. Ngxe2 Bg7 7. O-O e6 8. Ng3 Qd7 9. f5 e5 10. d5 h5 11. fxg6 fxg6 12. Bg5 Rf8 13. Qe2 a6 14. h3 Nh7 15. Rxf8+ Bxf8 16. Nxh5 Nxg5 17. Nf6+   {Black resigns} 1-0

[Event "Team 45 45 League T29"]
[Site "Free Internet Chess Server"]
[Date "2006.01.13"]
[Round "4"]
[White "Pieris"]
[Black "TStrobaugh"]
[Result "1-0"]
[WhiteElo "1585"]
[BlackElo "1555"]
[TimeControl "2700+45"]

1. e4 c6 2. Nf3 d5 3. exd5 cxd5 4. d4 Bg4 5. Be2 Nd7 6. O-O Ngf6 7. Nc3 e6 8. a3 Be7 9. Ne5 Bxe2 10. Qxe2 Nxe5 11. dxe5 Nd7 12. Kh1 O-O 13. f4 a6 14. Be3 b6 15. Rf3 Nc5 16. b4 Ne4 17. Nxe4 dxe4 18. Rh3 a5 19. b5 Qd5 20. c4 Qd3 21. Qxd3 exd3 22. Bxb6 Bd8 23. Bd4 a4 24. Rxd3 Ba5 25. Be3 Rac8 26. c5 Rfd8 27. Rad1 Rd5 28. Rxd5 exd5 29. Rxd5 Rd8 30. Rxd8+ Bxd8 31. b6 Kf8 32. c6 Ke8 33. c7 Bxc7 34. bxc7 Kd7 35. Bb6 Kc8 36. g4 g6 37. g5 Kb7 38. h4 Kc8 39. Kg2 Kb7 40. Kf3 Kc8 41. Ke4 Kd7 42. Kd4 Kc8 43. Kd5 Kd7 44. Kc5 Kc8 45. Kc6 h6 46. gxh6 g5 47. hxg5 f6 48. Kd5 fxg5 49. fxg5 Kd7 50. h7 Ke7 51. c8=Q Kf7 52. Qf5+ Kg7 53. g6   {Black resigns} 1-0

[Event "Team 45 45 League T29"]
[Site "Free Internet Chess Server"]
[Date "2006.01.16"]
[Round "4"]
[White "alfreale"]
[Black "chesstalker"]
[Result "1-0"]
[WhiteElo "1602"]
[BlackElo "1423"]
[TimeControl "2700+45"]

1. e4 e5 2. Nf3 Nc6 3. Bc4 d6 4. d4 exd4 5. Nxd4 Ne5 6. Bb3 Nf6 7. f3 g6 8. h3 Bg7 9. f4 Ned7 10. Nc3 Nc5 11. Qf3 Nxb3 12. Nxb3 c6 13. Be3 b5 14. Rd1 Bb7 15. Bc5 d5 16. exd5 cxd5 17. Qe2+ Kd7 18. Qxb5+ Bc6 19. Qd3 Re8+ 20. Kf2 Qc7 21. g3 Rad8 22. Rhe1 Rxe1 23. Rxe1 Re8 24. Bd4 Rxe1 25. Kxe1 Kc8 26. Qa6+ Qb7 27. Qxa7 Qb4 28. Qc5 Qxc5 29. Nxc5 Bd7 30. Nxd7 Kxd7 31. Kd2 Ke8 32. Kd3 Kf8 33. a4 Nd7 34. Bxg7+ Kxg7 35. Nxd5 Nc5+ 36. Kc4 Nxa4 37. b3 Nb2+ 38. Kc3 Nd1+ 39. Kd2 Nf2 40. b4 Ne4+ 41. Kd3 Nxg3 42. b5 Nf5 43. b6 Nd6 44. c4 Kf8 45. c5 Nb7 46. c6 Nd6 47. b7   {Black resigns} 1-0

[Event "Team 45 45 League T29"]
[Site "Free Internet Chess Server"]
[Date "2006.01.13"]
[Round "4"]
[White "wekabird"]
[Black "SandiaF"]
[Result "0-1"]
[WhiteElo "1393"]
[BlackElo "1419"]
[TimeControl "2700+45"]

1. c4 c5 2. g3 e5 3. d3 Ne7 4. Nc3 Nbc6 5. Bg2 d6 6. h3 Be6 7. b3 Rb8 8. Nf3 h6 9. O-O Qd7 10. Kh2 Nf5 11. e4 Nfd4 12. Nxd4 Nxd4 13. Be3 Nc6 14. Rb1 Be7 15. f4 exf4 16. Bxf4 Ne5 17. d4 cxd4 18. Qxd4 Bf6 19. Bxe5 Bxe5 20. Qe3 h5 21. Nd5 b6 22. h4 f6 23. Nf4 Bf7 24. Rbd1 g5 25. hxg5 fxg5 26. Nd5 g4 27. Qg5 Bxd5 28. Rxd5 h4 29. Qg6+ Kd8 30. Qg5+ Kc7 31. Qxe5 hxg3+ 32. Kxg3 dxe5 33. Rxd7+ Kxd7 34. Rf7+ Ke6 35. Rxa7 Rhd8 36. Rg7 Rd3+ 37. Kxg4 Rd2 38. Kh5 Rh8+ 39. Kg4 Rxg2+   {White resigns} 0-1

[Event "Team 45 45 League T29"]
[Site "Free Internet Chess Server"]
[Date "2006.01.17"]
[Round "4"]
[White "EyeAm"]
[Black "fidelian"]
[Result "0-1"]
[WhiteElo "1403"]
[BlackElo "1445"]
[TimeControl "2700+45"]

1. e4 e5 2. Nf3 Nc6 3. Bc4 d6 4. d4 Bg4 5. d5 Nd4 6. Nbd2 Nf6 7. Bd3 Be7 8. c3 Nxf3+ 9. Nxf3 O-O 10. O-O c6 11. c4 c5 12. h3 Bh5 13. Bg5 h6 14. Bxf6 Bxf6 15. Be2 Bg6 16. Qd3 Qb6 17. b3 Qc7 18. Nd2 a5 19. a4 Bg5 20. Nf3 Be7 21. Nd2 Qd7 22. Bg4 Qd8 23. Bf5 Bxf5 24. exf5 Bg5 25. Ne4 g6 26. fxg6 fxg6 27. f3 Rf5 28. g3 Qe7 29. Kg2 Raf8 30. g4 Rf4 31. Rad1 R8f7 32. Qc3 b6 33. Qe1 Bh4 34. Qe2 h5 35. Qe3 hxg4 36. fxg4 Qf8 37. Qe2 g5 38. Nxd6 Qxd6   {White forfeits on time} 0-1

[Event "Team 45 45 League T29"]
[Site "Free Internet Chess Server"]
[Date "2006.01.16"]
[Round "4"]
[White "Dreadtower"]
[Black "OldFlyer"]
[Result "0-1"]
[WhiteElo "1376"]
[BlackElo "1525"]
[TimeControl "2700+45"]

1. e4 d5 2. exd5 Qxd5 3. Nc3 Qa5 4. d4 c6 5. Nf3 Nf6 6. Bd2 Qd8 7. Bc4 Bg4 8. d5 cxd5 9. Nxd5 Nxd5 10. h3 Bxf3 11. Qxf3 e6 12. Bb5+ Nc6 13. Rd1 Be7 14. Bc3 O-O 15. Bxg7 Kxg7 16. c4 Qa5+ 17. Rd2 Bb4 18. Qd3 Bxd2+ 19. Qxd2 Qxd2+ 20. Kxd2 Nde7 21. Ke3 Rad8 22. Re1 Nf5+ 23. Kf3 Ncd4+ 24. Kf4 Nxb5 25. cxb5 Rd4+ 26. Kf3 Rfd8 27. g4 Nh4+ 28. Kg3 Ng6 29. Rc1 Rd3+ 30. f3 R8d7 31. Re1 R7d5 32. h4 Ne5 33. Rf1 Rxb5 34. b3 Rbd5 35. h5 Rd1 36. Kf4   {White resigns} 0-1

[Event "Team 45 45 League T29"]
[Site "Free Internet Chess Server"]
[Date "2006.01.14"]
[Round "4"]
[White "rgadoury"]
[Black "nasmichael"]
[Result "1/2-1/2"]
[WhiteElo "1483"]
[BlackElo "1305"]
[TimeControl "2700+45"]

1. d4 d5 2. g3 g6 3. Bg2 Bg7 4. e3 e5 5. dxe5 Ne7 6. Nf3 Bg4 7. O-O Nbc6 8. Qe1 Nxe5 9. Nxe5 Bxe5 10. c3 Bg7 11. h3 Be6 12. Nd2 O-O 13. Nf3 f6 14. Nd4 Bf7 15. a4 a6 16. b4 Qd7 17. Qd1 Nc6 18. Bb2 b6 19. Nxc6 Qxc6 20. Re1 Rad8 21. Bf1 Qb7 22. Qc2 c6 23. Rad1 Rfe8 24. Rd2 b5 25. a5 Rd6 26. Qb1 f5 27. f4 Qa7 28. Rde2 Rde6 29. Kf2 R6e7 30. g4 fxg4 31. hxg4 Rf8 32. Kf3 Be6 33. Rh2 Be5 34. g5 Qd7 35. Rh4 Bh8 36. Kg3 Bf5 37. Qc1 Rff7 38. Bh3 Bxh3 39. Rxh3 Re4 40. Rh4 Qc7 41. Qd2 Rf5 42. Rf1 Rxg5+ 43. Kf3 Rf5 44. Rfh1 Rf7 45. Rg1 Qd6 46. Rgg4 Kf8 47. c4 d4 48. Bxd4 Bxd4 49. Kxe4 Re7+ 50. Kf3 Rxe3+ 51. Qxe3 Bxe3 52. Kxe3 Qe6+ 53. Kd2 Kg7 54. cxb5 Qa2+ 55. Kc3 cxb5 56. f5 Qa1+ 57. Kb3 Qb1+ 58. Kc3 Qxf5 59. Rf4 Qe5+ 60. Rd4 Qe3+ 61. Kc2 Qe2+ 62. Kc3   {Game drawn by mutual agreement} 1/2-1/2

[Event "Team 45 45 League T29"]
[Site "Free Internet Chess Server"]
[Date "2006.01.16"]
[Round "4"]
[White "manyhorses"]
[Black "Kamalleo"]
[Result "0-1"]
[WhiteElo "1292"]
[BlackElo "1261"]
[TimeControl "2700+45"]

1. e4 e5 2. d4 d6 3. dxe5 Qe7 4. Nc3 Qe6 5. Nf3 Nc6 6. Bb5 Bd7 7. Nd5 O-O-O 8. Bf4 dxe5 9. Be3 Nf6 10. Nxf6 gxf6 11. Qd2 Be8 12. Qc3 Rg8 13. Qb3 Qg4 14. g3 Qxe4 15. Bd3 Qxf3 16. Rf1 e4 17. Be2 Qf5 18. Bf4 Bb4+ 19. c3 Ba5 20. Rd1 Bd7 21. f3 Rge8 22. Qxf7 e3 23. Rd5 Qb1+ 24. Rd1 Qxb2 25. Qxf6 Bxc3+ 26. Qxc3 Qxc3+ 27. Rd2 Bf5 28. Bxe3 Rxe3 29. f4 Qa1+ 30. Rd1 Qxa2 31. Rf2 Nd4 32. Rd2 Qb1+ 33. Rd1 Qb4+ 34. Kf1 Ra3 35. g4 Bc2 36. Re1 Re8 37. g5 Rb3 38. f5 Rb1 39. Rxb1 Qxb1+ 40. Kg2 Nxe2 41. f6 Qg1+ 42. Kf3 Nd4+ 43. Kf4 Qxf2+ 44. Kg4 Re4+ 45. Kh5 Qxh2#   {White checkmated} 0-1

[Event "Team 45 45 League T29"]
[Site "Free Internet Chess Server"]
[Date "2006.01.16"]
[Round "4"]
[White "blkmagic"]
[Black "zandree"]
[Result "0-1"]
[WhiteElo "1120"]
[BlackElo "1309"]
[TimeControl "2700+45"]

1. e4 e5 2. Bc4 Nf6 3. Nc3 Bc5 4. Nf3 Ng4 5. O-O Nxf2 6. Rxf2 Bxf2+ 7. Kxf2 Nc6 8. d3 Qf6 9. Nd5 Qd6 10. Be3 b6 11. Qd2 Na5 12. b3 Nxc4 13. dxc4 Bb7 14. Rd1 c6 15. Qb4 c5 16. Qc3 O-O 17. Ke2 a5 18. Nxe5 Bxd5 19. Rxd5 Qe6 20. Rxd7 a4 21. Bf4 axb3 22. axb3 Rfd8 23. Rxd8+ Rxd8 24. b4 Qf6 25. Ke3 cxb4 26. Qxb4 Rd1 27. Qb5 Re1+ 28. Kf3 Rf1+ 29. Ke3 Qxf4+ 30. Kd4 Qd2+ 31. Nd3 g6 32. Qxb6 Qxc2 33. c5 Rd1 34. c6 Qf2+   {White resigns} 0-1

[Event "Team 45 45 League T29"]
[Site "Free Internet Chess Server"]
[Date "2006.01.17"]
[Round "4"]
[White "SerhiyFranchuk"]
[Black "Nemisis"]
[Result "0-1"]
[WhiteElo "2047"]
[BlackElo "1912"]
[TimeControl "2700+45"]

1. e4 d6 2. d4 Nf6 3. Nc3 e5 4. dxe5 dxe5 5. Qxd8+ Kxd8 6. Bc4 Be6 7. Bxe6 fxe6 8. f3 Bd6 9. Be3 Nbd7 10. Nh3 Ke7 11. Ke2 h6 12. Nf2 g5 13. g4 Kf7 14. h4 Kg6 15. hxg5 hxg5 16. Nb5 a6 17. Nc3 Raf8 18. Nd3 b6 19. Rad1 Nb8 20. Nf2 Rxh1 21. Nxh1 Rh8 22. Nf2 Nfd7 23. Na4 b5 24. Nc3 Bc5 25. Bxc5 Nxc5 26. b4 Nb7 27. a4 c6 28. axb5 cxb5 29. Rd2 Rc8 30. Ncd1 Rc6 31. c3 Rd6 32. Nd3 Nc6 33. Ke3 Rd7 34. N1f2 Kf6 35. Nh1 Rh7 36. Ng3 Rh3 37. Nh5+ Kg6 38. Nf2 Rh2 39. Rd7 Nbd8 40. Ke2 Nf7 41. Rc7 Ncd8 42. Ra7 Nd6 43. Rxa6 Nc4 44. Ra8 Nf7 45. Rg8+ Kh6 46. Re8 Nfd6 47. Rxe6+ Kh7 48. Ng3 Kg7 49. Nh5+ Kh7 50. Re7+ Kh6 51. Rd7 Rg2 52. Nf6 Rg1 53. Ng8+ Kg6 54. Ne7+ Kf6 55. Nd5+ Kg6 56. Ne3 Rc1 57. Nxc4 Nxc4 58. Rd6+ Nxd6 59. Nd3 Rxc3 60. Nxe5+ Kg7   {White resigns} 0-1

[Event "Team 45 45 League T29"]
[Site "Free Internet Chess Server"]
[Date "2006.01.16"]
[Round "4"]
[White "Rockazb"]
[Black "javamanissa"]
[Result "1-0"]
[WhiteElo "1835"]
[BlackElo "1822"]
[TimeControl "2700+45"]

1. e4 e5 2. Nf3 Nc6 3. Bb5 a6 4. Ba4 Nf6 5. O-O b5 6. Bb3 Be7 7. c3 O-O 8. Re1 d6 9. h3 Nb8 10. d4 Nbd7 11. a4 Bb7 12. Bc2 Re8 13. Nbd2 Bf8 14. b4 exd4 15. Nxd4 c5 16. Nf5 c4 17. f3 d5 18. exd5 Qb6+ 19. Kh1 Rxe1+ 20. Qxe1 Re8 21. Qg3 Nxd5 22. Ne4 Qg6 23. Nh6+ Kh8 24. Ng5 gxh6 25. Bxg6 hxg6 26. Nxf7+ Kg7 27. Nxh6 Nxc3 28. Bb2 Bxb4 29. Nf5+ Kf6 30. Nd6   {Black resigns} 1-0

[Event "Team 45 45 League T29"]
[Site "Free Internet Chess Server"]
[Date "2006.01.14"]
[Round "4"]
[White "RomaLavrn"]
[Black "vibi"]
[Result "1-0"]
[WhiteElo "1888"]
[BlackElo "1699"]
[TimeControl "2700+45"]

1. e4 c5 2. Nc3 g6 3. f4 Bg7 4. Nf3 e6 5. a3 Ne7 6. d4 cxd4 7. Nxd4 a6 8. Be2 Nbc6 9. Be3 Qc7 10. O-O f5 11. e5 O-O 12. b4 Nxd4 13. Bxd4 b6 14. b5 a5 15. Na4 Rb8 16. Rc1 d6 17. exd6 Qxd6 18. Bxg7 Qxd1 19. Rcxd1 Kxg7 20. Rd6 Nd5 21. c4 Ne3 22. Rf3 Ng4 23. Nxb6 Kf7 24. Nxc8 Rfxc8 25. Rd7+ Kg8 26. h3 Nf6 27. Ra7 Ra8 28. Rxa8 Rxa8 29. Rd3 Ne4 30. Rd7 Nc5 31. Rc7 Ne4 32. Bf3 Rd8 33. Bxe4 Rd1+ 34. Kf2 fxe4 35. b6 Rd2+ 36. Ke3 Rd3+ 37. Kxe4 Rb3 38. b7 Kf8 39. Rc8+ Kf7 40. b8=Q Rxb8 41. Rxb8   {Black resigns} 1-0

[Event "Team 45 45 League T29"]
[Site "Free Internet Chess Server"]
[Date "2006.01.15"]
[Round "4"]
[White "MStav"]
[Black "phorku"]
[Result "1/2-1/2"]
[WhiteElo "1688"]
[BlackElo "1539"]
[TimeControl "2700+45"]

1. d4 d5 2. c4 e6 3. g3 Nf6 4. Bg2 c5 5. cxd5 Nxd5 6. e4 Nf6 7. Ne2 Nc6 8. Be3 Qb6 9. b3 Be7 10. O-O O-O 11. Nd2 cxd4 12. Nc4 Qc7 13. Nxd4 Nxd4 14. Qxd4 Rd8 15. Qe5 Qxe5 16. Nxe5 Bd7 17. Rfd1 Rac8 18. Rac1 Rxc1 19. Rxc1 b6 20. Rc7 Bd6 21. Rxa7 Bxe5 22. Bxb6 Bb8 23. Ra5 Rc8 24. h3 Bc7 25. Bxc7 Rxc7 26. a4 g6 27. b4 Rc4 28. e5 Nd5 29. b5 Nb6 30. Ra6 Nxa4 31. b6 Nc5 32. Ra8+ Kg7 33. b7 Nxb7 34. Bxb7   {Game drawn by mutual agreement} 1/2-1/2

[Event "Team 45 45 League T29"]
[Site "Free Internet Chess Server"]
[Date "2006.01.11"]
[Round "4"]
[White "uiknight"]
[Black "deionsandersson"]
[Result "1-0"]
[WhiteElo "1952"]
[BlackElo "1907"]
[TimeControl "2700+45"]

1. e4 c5 2. c3 Nf6 3. e5 Nd5 4. d4 cxd4 5. Nf3 e6 6. cxd4 Nc6 7. a3 Be7 8. Bd3 O-O 9. O-O a5 10. Nc3 Nxc3 11. bxc3 d6 12. Qc2 g6 13. Bh6 Re8 14. Rfd1 Qc7 15. Qe2 dxe5 16. dxe5 a4 17. Qe4 Ra5 18. Re1 Rc5 19. c4 Bd7 20. Rac1 Na5 21. Qf4 Rc8 22. Ng5 Be8 23. Ne4 Qxe5 24. Nxc5 Qxf4 25. Bxf4 Bxc5 26. Rc3 Nb3 27. Bc1 Bf8 28. Bf1 e5 29. Bb2 f6 30. Rd1 Be7 31. h3 Rc7 32. h4 Bf7 33. Kh2 Be6 34. f4 exf4 35. Rf3 Bg4 36. Be2 Bxf3 37. Bxf3 Nc5 38. h5 Kg7 39. Bd5 Bd6 40. Kh3 Re7 41. Bf3 Be5 42. Bc1 Ne6 43. Bd5 Nd4 44. Bxf4 Bxf4 45. Rxd4 Bc1 46. Rd3 gxh5 47. Bf3 Kh6 48. Rd5 Bg5 49. Ra5 Re1 50. Kg3 h4+ 51. Kf2 Re7 52. Rxa4 Bf4 53. Bd5 Bg3+ 54. Kf3 Kg5 55. Rb4 h5 56. Rxb7 Re5 57. a4 f5 58. a5 f4 59. Rb3 Re1 60. Ra3 Rb1 61. a6 Rb2 62. a7 Kf5 63. Be4+ Kg5 64. Ra5+ Kh6 65. Bd3 Rb3 66. a8=Q Rxd3+ 67. Ke4   {Black resigns} 1-0

[Event "Team 45 45 League T29"]
[Site "Free Internet Chess Server"]
[Date "2006.01.14"]
[Round "4"]
[White "Litovec"]
[Black "MFalme"]
[Result "1-0"]
[WhiteElo "1808"]
[BlackElo "1517"]
[TimeControl "2700+45"]

1. e4 e5 2. Nf3 d6 3. b3 c5 4. Nc3 f5 5. Bc4 Nf6 6. Ng5 d5 7. Bxd5 Nxd5 8. Nxd5 Qxg5 9. Nc7+ Kf7 10. Nxa8 Bd6 11. Qf3 Qg4 12. Qxg4 fxg4 13. O-O Be6 14. f3 Ke7 15. fxg4 Bxg4 16. d3 h6 17. Ba3 Nc6 18. Nc7 Bxc7 19. Bxc5+ Bd6 20. Bxd6+ Kxd6 21. Rf7 g5 22. Rxb7 Bc8 23. Rf7 a6 24. Raf1 Nb4 25. R1f6+ Be6 26. Ra7 Rc8 27. c3 Rxc3 28. Rxh6 Rxd3 29. Rh8 Rd1+ 30. Kf2 Rd2+ 31. Kg3 Rxa2 32. Rd8+ Kc5 33. Rc7+ Kb6 34. Re7 Bxb3 35. Rb8+ Ka5 36. Rxe5+ Ka4 37. Rxg5 Bc4 38. e5 Nd3 39. Rc8 Kb4 40. h4 Ra3 41. Kh2 Ra1 42. Rg4 Nxe5 43. Re4 Ra5 44. h5 Kb3 45. h6 Rd5 46. h7 Ng6 47. Rcxc4 Rh5+ 48. Kg3 Rxh7 49. Rc6 a5 50. Rxg6 Ra7 51. Rf6 Rc7 52. Rf3+ Rc3 53. Rxc3+ Kxc3 54. Kf4 Kb3 55. g4 a4 56. Rxa4   {Black resigns} 1-0

[Event "Team 45 45 League T29"]
[Site "Free Internet Chess Server"]
[Date "2006.01.13"]
[Round "4"]
[White "ccucina"]
[Black "IChattopadhyaya"]
[Result "1-0"]
[WhiteElo "1664"]
[BlackElo "1670"]
[TimeControl "2700+45"]

1. e4 Nf6 2. e5 Nd5 3. d4 d6 4. Nf3 Bg4 5. Be2 dxe5 6. Nxe5 Bxe2 7. Qxe2 e6 8. Qb5+ Nc6 9. Nxc6 bxc6 10. Qxc6+ Ke7 11. O-O Rb8 12. Nc3 Nb4 13. Qe4 f5 14. Bg5+ Ke8 15. Qxe6+ Be7 16. Rae1   {Black resigns} 1-0

[Event "Team 45 45 League T29"]
[Site "Free Internet Chess Server"]
[Date "2006.01.14"]
[Round "4"]
[White "seberg"]
[Black "sixkiller"]
[Result "1/2-1/2"]
[WhiteElo "1638"]
[BlackElo "1616"]
[TimeControl "2700+45"]

1. e4 c5 2. Nf3 d6 3. d4 cxd4 4. Nxd4 Nf6 5. Nc3 a6 6. Bd3 b5 7. O-O b4 8. Nce2 Bb7 9. Ng3 e6 10. Be3 Nbd7 11. a3 bxa3 12. Rxa3 d5 13. Rb3 Nc5 14. Nxe6 fxe6 15. Bxc5 Bxc5 16. Rxb7 O-O 17. e5 Nd7 18. Qh5 g6 19. Bxg6 Qe7 20. Bxh7+ Qxh7 21. Qxh7+ Kxh7 22. Rxd7+ Kg6 23. Rc7 Bd4 24. Rc6 Kf7 25. c3 Bxe5 26. f4 Bb8 27. Nh5 Ke7 28. Re1 Bxf4 29. Rcxe6+ Kd7 30. Re7+ Kd6 31. R1e6+ Kc5 32. Nxf4 Rxf4 33. Rc7+ Kb5 34. Rd6 Raf8 35. h3 Rf1+ 36. Kh2 R8f2 37. Rb7+ Kc4 38. Rb4+ Kc5 39. Rxa6 Rd2 40. h4 Rff2 41. Ra5+ Kc6 42. Rg4 Rxb2 43. h5 Rf5 44. Rh4 Rg5 45. Ra6+ Kc5 46. Ra1 Rbxg2+ 47. Kh1 R2g4 48. Rh2 Rg8 49. h6 Rh8 50. Rg1 Rxg1+ 51. Kxg1 Kc4 52. Rh3 d4 53. cxd4 Kxd4 54. Kf2 Ke4 55. Kg3 Kf5   {Game drawn by mutual agreement} 1/2-1/2

[Event "Team 45 45 League T29"]
[Site "Free Internet Chess Server"]
[Date "2006.01.14"]
[Round "4"]
[White "sonareclipse"]
[Black "Maras"]
[Result "0-1"]
[WhiteElo "1988"]
[BlackElo "2126"]
[TimeControl "2700+45"]

1. e4 e6 2. d4 d5 3. Nc3 Bb4 4. e5 Ne7 5. a3 Bxc3+ 6. bxc3 b6 7. a4 Ba6 8. Bxa6 Nxa6 9. Ne2 Nb8 10. O-O Nbc6 11. f4 Na5 12. Qd3 Nc4 13. g4 Qd7 14. f5 f6 15. Nf4 exf5 16. exf6 gxf6 17. Nh5 Kf7 18. Kh1 Rag8 19. h3 Nd6 20. Qg3 Ne4 21. Qh4 Rg6 22. Ba3 fxg4 23. Bxe7 Kxe7 24. Rae1 Kd8 25. Nf4 Rg5 26. Qh6 Kc8 27. h4 Rf5 28. c4 Ng3+ 29. Kg2 Nxf1 30. Rxf1 dxc4 31. Re1 Re8 32. Rd1 Qxa4 33. Rd2 c3 34. Rf2 Qxd4 35. Nd3 Rxf2+   {White resigns} 0-1

[Event "Team 45 45 League T29"]
[Site "Free Internet Chess Server"]
[Date "2006.01.14"]
[Round "4"]
[White "kaliyug"]
[Black "maeck"]
[Result "0-1"]
[WhiteElo "1980"]
[BlackElo "1917"]
[TimeControl "2700+45"]

1. d4 Nf6 2. c4 Nc6 3. Nc3 e5 4. d5 Ne7 5. e4 Ng6 6. Bd3 Bc5 7. Nge2 Ng4 8. O-O Qh4 9. h3 Nxf2 10. Rxf2 Bxf2+ 11. Kh1 d6 12. Qf1 O-O 13. Bd2 c6 14. Nd1 Bb6 15. dxc6 bxc6 16. a4 a5 17. Be1 Qh6 18. Ng3 Nf4 19. Bc2 g6 20. Bd2 Qh4 21. Kh2 Be6 22. b3 d5 23. cxd5 cxd5 24. exd5 Bxd5 25. Be4 Nxh3 26. gxh3 Bxe4 27. Nxe4 Qxe4 28. Bh6 Qc2+ 29. Kh1 Rfc8 30. Qf3 Qc6 31. Kg2 Qxf3+ 32. Kxf3 f5 33. Ra2 Rc6 34. h4 Rd8 35. Nf2 Rc3+ 36. Ke2 Rdc8 37. Kd1 e4 38. Nh1 Kf7 39. Bd2 Rxb3 40. Ke2 Rh3 41. Ra1   {White resigns} 0-1

[Event "Team 45 45 League T29"]
[Site "Free Internet Chess Server"]
[Date "2006.01.15"]
[Round "4"]
[White "Thalagor"]
[Black "lrzal"]
[Result "0-1"]
[WhiteElo "1908"]
[BlackElo "1863"]
[TimeControl "2700+45"]

1. Nf3 Nf6 2. g3 g6 3. Bg2 Bg7 4. O-O d6 5. d3 Nbd7 6. e4 e5 7. Nbd2 O-O 8. Nc4 b5 9. Ne3 Bb7 10. a4 a6 11. Nh4 Qe7 12. Re1 Nc5 13. a5 c6 14. Nf1 Ne6 15. f4 exf4 16. gxf4 Nh5 17. Nf5 gxf5 18. Qxh5 Nd4 19. Ne3 fxe4 20. Bxe4 f5 21. Bg2 Rf6 22. Qh4 Re8 23. Bd2 Qf7 24. Bc3 Rg6 25. Kh1 c5 26. Bxd4 Bxd4 27. Nd5 Rxe1+ 28. Rxe1 Bxd5 29. Qd8+ Kg7   {White resigns} 0-1

[Event "Team 45 45 League T29"]
[Site "Free Internet Chess Server"]
[Date "2006.01.14"]
[Round "4"]
[White "CelticDeath"]
[Black "Doubleletter"]
[Result "0-1"]
[WhiteElo "1818"]
[BlackElo "1830"]
[TimeControl "2700+45"]

1. e4 c5 2. c3 Nf6 3. e5 Nd5 4. Nf3 Nc6 5. Bc4 e6 6. d4 Nb6 7. Bb3 cxd4 8. cxd4 d6 9. O-O Be7 10. Nc3 dxe5 11. dxe5 O-O 12. Qe2 a6 13. Rd1 Qc7 14. Bf4 Nb4 15. Rac1 Rd8 16. Nd5 N6xd5 17. Rxc7 Nxc7 18. Rxd8+ Bxd8 19. Qd2 Nbd5 20. Bg5 f6 21. exf6 gxf6 22. Bh6 Kf7 23. Qe2 e5 24. Qe4 Be6 25. Qxh7+ Ke8 26. Bc2 Be7 27. Nh4 Kd7 28. Nf5 Re8 29. Nxe7 Rxe7 30. Qd3 Kc8 31. f3 Nb4 32. Qd6 Nc6 33. Be4 Nb5 34. Qc5 Nd4 35. Bxc6 Nxc6 36. Bf8 Rd7 37. Bd6 Bxa2 38. Kf2 Bb1 39. h4 e4 40. f4 Kd8 41. g4 Rh7 42. Qf5 e3+   {White resigns} 0-1

[Event "Team 45 45 League T29"]
[Site "Free Internet Chess Server"]
[Date "2006.01.11"]
[Round "4"]
[White "Sportsmen"]
[Black "aacevedo"]
[Result "1/2-1/2"]
[WhiteElo "2206"]
[BlackElo "2113"]
[TimeControl "2700+45"]

1. e4 e6 2. d4 d5 3. Nc3 Nf6 4. e5 Nfd7 5. f4 c5 6. Nf3 Nc6 7. Be3 cxd4 8. Nxd4 Bc5 9. Qd2 Nxd4 10. Bxd4 Bxd4 11. Qxd4 Qb6 12. Qxb6 Nxb6 13. Nb5 Ke7 14. Nd6 Rb8 15. h4 h5 16. a4 Bd7 17. a5 Nc8 18. Nb5 Bxb5 19. Bxb5 Kd8 20. Rh3 Ne7 21. Bd3 g6 22. c4 dxc4 23. Bxc4 Nf5 24. Rd3+ Ke7 25. g3 Rhd8 26. Rad1 Rxd3 27. Rxd3 b5 28. axb6 Rxb6 29. b3 a5 30. Kf2 Rb4 31. Rc3 a4   {Game drawn by mutual agreement} 1/2-1/2

[Event "Team 45 45 League T29"]
[Site "Free Internet Chess Server"]
[Date "2006.01.14"]
[Round "4"]
[White "gracey"]
[Black "RussoTuristo"]
[Result "1/2-1/2"]
[WhiteElo "2022"]
[BlackElo "2014"]
[TimeControl "2700+45"]

1. e4 c5 2. d4 cxd4 3. c3 dxc3 4. Nxc3 e6 5. Nf3 Bc5 6. Bc4 Ne7 7. O-O O-O 8. Na4 Bb4 9. a3 Ba5 10. e5 a6 11. Bd3 Nbc6 12. Qc2 b5 13. Nc5 Ng6 14. Bxg6 fxg6 15. Nxe6 dxe6 16. Qxc6 Bd7 17. Qe4 Qc7 18. Nd4 Bb6 19. Be3 Rac8 20. Rac1 Qb8 21. Rfd1 Rxc1 22. Rxc1 Rc8 23. Rxc8+ Qxc8 24. h3 Bxd4 25. Qxd4 Bc6 26. Qd6 Bd5 27. Bc5 g5 28. f3 h6 29. Kf1   {Game drawn by mutual agreement} 1/2-1/2

[Event "Team 45 45 League T29"]
[Site "Free Internet Chess Server"]
[Date "2006.01.15"]
[Round "4"]
[White "HotDonut"]
[Black "SerhiyFranchuk"]
[Result "0-1"]
[WhiteElo "1922"]
[BlackElo "2035"]
[TimeControl "2700+45"]

1. Nf3 Nf6 2. g3 e6 3. c4 Nc6 4. Bg2 e5 5. d3 Bb4+ 6. Bd2 Qe7 7. Nc3 Bxc3 8. Bxc3 O-O 9. e4 d6 10. O-O Bg4 11. h3 Be6 12. Qe2 a6 13. d4 exd4 14. Nxd4 Nxd4 15. Bxd4 Rab8 16. Qf3 Nd7 17. Qc3 b5 18. Bxg7 b4 19. Bxf8 bxc3 20. Bxe7 cxb2 21. Rab1 Bxc4 22. a3 Bxf1 23. Bxf1 Nc5 24. Bf6 Na4 25. Bd3 Rb3 26. Bc2 Rxa3 27. Bxa4 Rxa4 28. Rxb2 h5 29. e5 d5 30. Rc2 Kh7 31. Rxc7 Kg6 32. Rd7 d4 33. Kg2 Rc4 34. e6 Kxf6 35. e7 Rc8 36. Rd8 d3 37. Rxc8 d2 38. e8=Q d1=Q 39. Rc6+ Kg7 40. Qe5+ Kh7 41. Qxh5+ Qxh5   {White resigns} 0-1

[Event "Team 45 45 League T29"]
[Site "Free Internet Chess Server"]
[Date "2006.01.16"]
[Round "4"]
[White "RomaLavrn"]
[Black "Nemisis"]
[Result "1/2-1/2"]
[WhiteElo "1913"]
[BlackElo "1912"]
[TimeControl "2700+45"]

1. e4 d6 2. g3 e5 3. Bg2 Nf6 4. c4 Be6 5. Qe2 Nc6 6. Nf3 Be7 7. O-O Qd7 8. Rd1 Bg4 9. Na3 Nd4 10. Qd3 h5 11. Nc2 Nxf3+ 12. Bxf3 Bxf3 13. Qxf3 h4 14. d3 hxg3 15. fxg3 O-O-O 16. Ne3 Rh3 17. Rd2 Rdh8 18. Rg2 g6 19. Bd2 R8h7 20. Rf1 Qa4 21. a3 Qb3 22. Bc3 Qb6 23. Rff2 Kb8 24. Nd5 Nxd5 25. cxd5 Bg5 26. Kf1 Be3 27. Re2 Bd4 28. Bxd4 Qxd4 29. Rd2 b6 30. Qf2 Qa4 31. Qe1 f5 32. Qf2 fxe4 33. dxe4 Qxe4 34. Qf8+ Kb7 35. Qe8 Rh8 36. Qc6+ Kb8 37. Rc2 R3h7 38. Rgf2 Qg4 39. Ke1 Qd7 40. Qc4 Rf7 41. a4 Rhf8 42. b3 a5 43. Qe4 Rf5 44. g4 Rxf2 45. Rxf2 Rxf2 46. Kxf2 Qf7+ 47. Qf3 Qxf3+ 48. Kxf3 Kc8 49. h4 Kd7 50. Ke4 Ke7 51. Kd3 Kf7 52. Ke3 Kf6 53. Ke4 Kf7 54. Ke3   {Game drawn by mutual agreement} 1/2-1/2